 Dungeon Crawl Stone Soup version 0.31.0-9-g3a7656b989 (webtiles) character file.

Game seed: 15391141079677673897

286 SnakkuSnakku7 the Shooter (level 6, -10/43 HPs)
             Began as a Djinni Hunter on Jan 24, 2024.
             Was an Initiate of Gozag.
             Mangled by an ogre
             ... wielding a +0 giant club
              (14 damage)
             ... on level 4 of the Dungeon.
             The game lasted 00:02:53 (2560 turns).

SnakkuSnakku7 the Shooter (Djinni Hunter)           Turns: 2560, Time: 00:02:54

Health: -10/43     AC:  7    Str: 10    XL:     6   Next: 56%
Gold:   305        EV: 12    Int: 16    God:    Gozag SH:  0 Dex: 18

rFire   + + .        a - +0 shortbow
rCold   x . .        (shield currently unavailable)
rNeg    . . .        c - +0 leather armour
rPois   ∞            m - +3 hat of Pondering {ponderous, Will+ MP+10 Int+5}
rElec   .            (no cloak)
rCorr   .            j - +0 pair of gloves
SInv    .            (boots unavailable)
Will    +....        (no amulet)
Stlth   ++           (no ring)
HPRegen 0.27/turn    (no ring)
MPRegen 0.00/turn

%: infuse magic (-11 HP)
@: mighty, gold aura, flying, invisible, slow
A: sickness immunity, fire resistance 2, cold vulnerability 1, float, innate
caster, HP casting, extra vitality 1
a: Renounce Religion, Potion Petition, Call Merchant, Bribe Branch


You were on level 4 of the Dungeon.
You worshipped Gozag.
Gozag was aware of your devotion.
You visited 1 branch of the dungeon, and saw 4 of its levels.

You collected 557 gold pieces.
You paid 252 gold pieces to Gozag.

Inventory:

Hand Weapons
 a - a +0 shortbow (weapon)
Missiles
 e - a throwing net
Armour
 c - a +0 leather armour (worn)
 j - a +0 pair of gloves (worn)
 m - the +3 hat of Pondering (worn) {ponderous, Will+ MP+10 Int+5}
   (You found it on level 3 of the Dungeon)

   Int+5:     It affects your intelligence (+5).
   Will+:     It increases your willpower.
   MP+10:     It affects your magic capacity (+10).
Scrolls
 b - a scroll of butterflies
 f - a scroll of enchant armour {unknown}
 g - a scroll of torment {unknown}
 h - a scroll of teleportation {unknown}
 l - a scroll of poison {unknown}
 n - a scroll of identify {unknown}
 o - a scroll of acquirement {unknown}
Potions
 d - a potion of ambrosia {unknown}
 i - a potion of curing {unknown}
 k - a potion of heal wounds {unknown}


   Skills:
 - Level 2.0 Fighting
 + Level 6.1 Ranged Weapons
 - Level 2.1 Dodging
 - Level 0.7 Stealth


You knew the following spells:

 Your Spells              Type           Power      Damage    Failure   Level
a - Necrotise             Necr           0%         1d4       34%         1
b - Ensorcelled Hibernat  Hex/Ice        0%         N/A       45%         2
Your spell library was empty.

Dungeon Overview and Level Annotations

Branches:
Dungeon (4/15)
 Temple: D:4-7

Altars:
Fedhas
Gozag


Innate Abilities, Weirdness & Mutations

You are immune to sickness and miasma.
You are immune to poison.
Your flesh is very heat resistant. (rF++)
You are vulnerable to cold. (rC-)
You float through the air rather than walking.
You learn spells naturally, not from books.
Your magical power is your life essence.
You have superior vitality. (+4 MHP)


Message History

No target in view!
You now have 557 gold pieces (gained 6).
An ogre comes into view. It is wielding a +0 giant club.
The ogre shouts!
You hear a shout!
An ogre is nearby!
You shoot an arrow. The arrow hits the ogre!
The ogre is moderately wounded.
The ogre barely misses you.
You shoot an arrow. The arrow barely misses the ogre.
The ogre hits you with a +0 giant club!!
Ouch! That really hurt!
You are too injured to fight recklessly! [a] - 252 gold - invisibility and might [b] - 648 gold - haste, brilliance and resistance [c] - 432 gold - resistance and invisibility Purchase which effect?
You don't have enough gold for that! [a] - 252 gold - invisibility and might [b] - 648 gold - haste, brilliance and resistance [c] - 432 gold - resistance and invisibility Purchase which effect?
You no longer have enough gold to petition Gozag for potion effects.
You fade into invisibility!
You feel very mighty all of a sudden. The ogre closely misses you.
You shoot an arrow. The arrow hits the ogre.
The ogre is heavily wounded.
You shoot an arrow.
The arrow hits the ogre but does no damage.
The ogre is heavily wounded.
The ogre barely misses you.
You shoot an arrow. The arrow hits the ogre.
The ogre is heavily wounded.
A kobold comes into view. It is wielding a +0 dagger.
The ogre hits you with a +0 giant club!!
* * * LOW HITPOINT WARNING * * *
You shoot an arrow. The arrow hits the ogre!
The ogre is severely wounded.
The ogre hits you with a +0 giant club!
You die...
Your body crumbles into a pile of gold.

#..........#
#..........# ..
#..........# ..
#..........# ###.
#..........# ... #
#..........# .. ..
#..........# .##.#
...........######....###
................@......#
...........######O##.#.#
..........(# ...
...######### .#... ...#
...##.# ...# .# # #
....# .. #.)..# ..
#.....


You could see an ogre (unable to see you).

Vanquished Creatures
  2 orc priests (D:3)
  2 orc wizards (D:3)
  4 gnolls
  5 adders
  2 dart slugs
  7 orcs (D:3)
  5 bats (D:1)
  4 endoplasms
  10 giant cockroaches
  5 goblins
  7 hobgoblins
  4 jackals (D:2)
  3 quokkas
  4 ball pythons
  5 frilled lizards
  9 kobolds
  5 rats
83 creatures vanquished.

Notes
Turn   | Place    | Note
-------+----------+-------------------------------------------
     0 | D:1      | SnakkuSnakku7 the Djinni Hunter began the quest for the
                  | Orb.
     0 | D:1      | Reached XP level 1. HP: 18/18 MP: 0/0
    47 | D:1      | Reached XP level 2. HP: 23/23 MP: 0/0
   101 | D:1      | Reached XP level 3. HP: 28/28 MP: 0/0
   101 | D:1      | Learned a level 1 spell: Necrotise
   106 | D:1      | Reached skill level 4 in Ranged Weapons
   244 | D:1      | Found a faded altar of an unknown god.
   273 | D:1      | Prayed at the altar of an unknown god.
   273 | D:1      | Became a worshipper of Gozag Ym Sagoz the Greedy
   851 | D:2      | Reached XP level 4. HP: 33/33 MP: 0/0
   895 | D:2      | Identified the +4 rapier "Kiyr Kau" {holy, *Noise rElec
                  | rCorr}
   925 | D:2      | Found a blossoming altar of Fedhas.
  1752 | D:3      | Reached skill level 5 in Ranged Weapons
  1752 | D:3      | Reached XP level 5. HP: 34/38 MP: 0/0
  1752 | D:3      | Learned a level 2 spell: Ensorcelled Hibernation
  2222 | D:3      | Reached XP level 6. HP: 38/43 MP: 0/0
  2266 | D:3      | Reached skill level 6 in Ranged Weapons
  2298 | D:3      | Found the +3 hat of Pondering {ponderous, Will+ MP+10
                  | Int+5}
  2553 | D:4      | Noticed an ogre
  2560 | D:4      | Mangled by an ogre

Illustrated notes

Levels and vault maps discovered:
D:1:      minmay_arrival_wavy_path, layout_basic,
          shapermc_ecumenical_altar_mp_ritualfount
D:2:      layout_basic, basic_altar
D:3:      layout_basic, patterned_corridor
D:4:      minmay_spotlight, layout_basic, corexii_hall_statues_i,
          due_unseen_surprise

Skill      XL: |  1  2  3  4  5  6 |
---------------+-------------------+-----
Ranged Weapons | 4 5 6 |  6.1
Fighting       | |  2.0
Dodging        | |  2.1
Stealth        | |  0.7

Action                     |  1- 3 |  4- 6 || total
---------------------------+-------+-------++-------
  Melee: Shortbow          |       |     3 ||     3
   Fire: Shortbow          |    89 |   208 ||   297
 Invoke: Potion Petition   |       |     1 ||     1
 Armour: Leather armour    |    20 |    61 ||    81
  Dodge: Dodged            |    47 |    62 ||   109
